 Dungeon Crawl Stone Soup version 0.19.0-2-gae57169 (webtiles) character file.

135 nikopol the Chopper (level 5, -11/70 HPs)
             Began as a Hill Orc Berserker on Nov 3, 2016.
             Was a Believer of Trog.
             Mangled by SeriousVitamin's ghost (14 damage)
             ... on level 4 of the Dungeon on Nov 4, 2016.
             The game lasted 00:09:54 (3677 turns).

nikopol the Chopper (Hill Orc Berserker)            Turns: 3677, Time: 00:09:54

Health: -11/70     AC:  5    Str: 26    XL:     5   Next: 18%
Magic:  5/5        EV: 11    Int:  7    God:    Trog [**....]
Gold:   120        SH:  0    Dex: 10    Spells: 0 memorised, 4 levels left

rFire  . . .     SeeInvis .     a - +0 hand axe
rCold  . . .     Gourm    .     v - +0 ring mail
rNeg   . . .     Faith    .     (no shield)
rPois  .         Spirit   .     (no helmet)
rElec  .         Reflect  .     (no cloak)
rCorr  .         Harm     .     (no gloves)
MR     .....                    (no boots)
Stlth  ..........               (no amulet)
                                (no ring)
                                (no ring)

@: berserking (expiring), very quick
A: no striking features
a: Berserk, Trog's Hand, Burn Spellbooks, Renounce Religion


You were on level 4 of the Dungeon.
You worshipped Trog.
Trog was pleased with you.
You were near starving.

You visited 1 branch of the dungeon, and saw 4 of its levels.

You collected 120 gold pieces.

Inventory:

Hand Weapons
 a - a +0 hand axe (weapon)
Missiles
 p - 30 arrows (quivered)
Armour
 b - a +0 animal skin
 v - a +0 ring mail (worn)
Jewellery
 i - a cursed ring of loudness {unknown}
 q - an uncursed ring of fire {unknown}
 w - an uncursed amulet of rage {unknown}
Scrolls
 e - a scroll of blinking {unknown}
 f - 7 scrolls of teleportation {unknown}
 g - 2 scrolls of amnesia {unknown}
 l - 2 scrolls of identify {unknown}
 m - a scroll of magic mapping {unknown}
 t - 3 scrolls of random uselessness {unknown}
Potions
 d - a potion of cancellation {unknown}
 j - a potion of might {unknown}
 k - a potion of agility
 o - 2 potions of curing {unknown}
 r - a potion of magic {unknown}
 s - 2 potions of brilliance {unknown}
 u - 2 potions of heal wounds {unknown}
Comestibles
 c - 3 bread rations
 h - 2 meat rations
 n - a beef jerky


   Skills:
 + Level 4.5 Fighting
 + Level 5.4 Axes
 + Level 3.4 Armour
 + Level 2.2 Dodging


You had 4 spell levels left.
You didn't know any spells.

Dungeon Overview and Level Annotations

Branches:
Dungeon (4/15)
 Temple: D:4-7

Altars:

Annotations:
D:4 SeriousVitamin's ghost, novice MiFi


Message History

You barely miss SeriousVitamin's ghost.
SeriousVitamin's ghost is heavily damaged.
You slash SeriousVitamin's ghost!
SeriousVitamin's ghost is severely damaged.
SeriousVitamin's ghost hits you!
* * * LOW HITPOINT WARNING * * *
You are too injured to fight recklessly!
You are too injured to fight recklessly!
You are too injured to fight recklessly!
You are too injured to fight recklessly!
You hit SeriousVitamin's ghost.
SeriousVitamin's ghost is severely damaged.
SeriousVitamin's ghost hits you!
* * * LOW HITPOINT WARNING * * *
You hit SeriousVitamin's ghost.
SeriousVitamin's ghost is almost destroyed.
You barely miss SeriousVitamin's ghost.
SeriousVitamin's ghost is almost destroyed.
SeriousVitamin's ghost hits you!
You die...

# # .#
#.###########.##
##.#........#W..#.#
#.........#.@.....#
#.#.##.#.#.#...#.#
#........##.##
#.##..........
#.####.####.### #.#
#.# #.# #.####.#
#.# ####......#
#.###########
#....######
#.#.........#


You could see SeriousVitamin's ghost.

Vanquished Creatures
  Jessica (D:2)
  3 adders (D:2)
  3 oozes
  3 worms
  3 leopard geckos
  2 orcs (D:3)
  4 giant cockroaches
  8 goblins
  4 hobgoblins
  3 jackals (D:2)
  A quokka (D:2)
  A ball python (D:1)
  6 bats
  2 frilled lizards
  7 kobolds
  5 rats
56 creatures vanquished.

Notes
Turn   | Place    | Note
-------+----------+-------------------------------------------
     0 | D:1      | nikopol the Hill Orc Berserker began the quest for the Orb.
     0 | D:1      | Reached XP level 1. HP: 19/19 MP: 1/1
   589 | D:1      | Reached XP level 2. HP: 18/27 MP: 2/2
  1051 | D:2      | Reached XP level 3. HP: 26/33 MP: 3/3
  1417 | D:2      | Noticed Jessica
  1430 | D:2      | Killed Jessica
  1430 | D:2      | Reached XP level 4. HP: 29/40 MP: 4/4
  1528 | D:2      | Reached skill level 5 in Axes
  2710 | D:3      | Reached ** piety under Trog
  2710 | D:3      | Reached XP level 5. HP: 41/47 MP: 5/5
  3661 | D:4      | Noticed SeriousVitamin's ghost (novice MiFi)
  3675 | D:4      | HP: 2/70 [SeriousVitamin's ghost (15)]
  3677 | D:4      | Mangled by SeriousVitamin's ghost

Skill      XL: |  1  2  3  4 |
---------------+-------------+-----
Fighting       | 4 |  4.5
Armour         | 3 |  3.4
Dodging        | 2 |  2.2
Axes           | 5 |  5.4

Action                   |  1- 3 |  4- 6 || total
-------------------------+-------+-------++-------
Melee: Hand axe          |    94 |   128 ||   222
Invok: Berserk           |       |     2 ||     2
  Eat: Chunk             |     2 |     7 ||     9
Armor: Animal skin       |    31 |    17 ||    48
       Ring mail         |       |     5 ||     5
Dodge: Dodged            |    74 |    73 ||   147
